 Dungeon Crawl Stone Soup version 0.21.1-1-g345015f (webtiles) character file.

92 tidbits the Grave Robber (level 4, -4/32 HPs)
             Began as a Gnoll Necromancer on June 29, 2018.
             Slain by a worker ant (7 damage)
             ... on level 4 of the Dungeon.
             The game lasted 00:05:18 (424 turns).

tidbits the Grave Robber (Gnoll Necromancer)         Turns: 424, Time: 00:05:19

Health: -4/32      AC:  2    Str:  8 (11) XL:     4   Next: 60%
Magic:  0/11       EV: 14    Int: 21 (23) God:
Gold:   28         SH:  0    Dex: 14 (15) Spells: 5/13 levels left

rFire    + . .     SeeInvis .   e - +0 short sword
rCold    + . .     Gourm    .   (no shield)
rNeg     . . .     Faith    .   a - +0 robe
rPois    +         Spirit   .   (no helmet)
rElec    +         Reflect  .   (no cloak)
rCorr    +         Harm     .   (no gloves)
MR       .....                  (no boots)
Stlth    +++.......             i - amulet of rage
HPRegen  0.10/turn              (no ring)
MPRegen  0.12/turn              (no ring)

@: brilliant, resistant, hasted, very quick
A: distributed training, fangs 1, strong nose
a: Evoke Berserk Rage


You were on level 4 of the Dungeon.
You were not hungry.

You visited 1 branch of the dungeon, and saw 4 of its levels.

You collected 28 gold pieces.

Inventory:

Hand Weapons
 e - a +0 short sword (weapon)
 s - a +0 dagger
Missiles
 f - 7 javelins (quivered)
 o - 5 tomahawks
Armour
 a - a +0 robe (worn)
Jewellery
 i - an amulet of rage (around neck)
   (You found it on level 2 of the Dungeon)
Scrolls
 d - 5 scrolls of teleportation
 h - a scroll of enchant weapon {unknown}
 j - 2 scrolls of remove curse {unknown}
 n - a scroll of magic mapping {unknown}
 q - 3 scrolls of identify {unknown}
Potions
 g - a potion of lignification {unknown}
 k - a potion of heal wounds {unknown}
Books
 b - a book of Necromancy

   Spells                             Type                      Level
   a - Pain                           Necromancy                   1
   b - Animate Skeleton               Necromancy                   1
   c - Vampiric Draining              Necromancy                   3
   d - Regeneration                   Charms/Necromancy            3
   e - Animate Dead                   Necromancy                   4
   f - Borgnjor's Vile Clutch         Necromancy/Earth             5
Comestibles
 c - 2 rations


   Skills:
 + Level 1.1 Fighting
 + Level 1.1 Short Blades
 + Level 1.1 Long Blades
 + Level 1.1 Axes
 + Level 1.1 Maces & Flails
 + Level 1.1 Polearms
 + Level 1.1 Staves
 + Level 1.1 Slings
 + Level 1.1 Bows
 + Level 1.1 Crossbows
 + Level 1.1 Throwing
 + Level 1.1 Armour
 + Level 4.6 Dodging
 + Level 4.2 Stealth
 + Level 1.1 Shields
 + Level 1.1 Unarmed Combat
 + Level 5.1 Spellcasting
 + Level 0.9 Conjurations
 + Level 0.9 Hexes
 + Level 0.9 Charms
 + Level 0.9 Summonings
 + Level 7.1 Necromancy
 + Level 0.9 Translocations
 + Level 0.9 Transmutations
 + Level 0.9 Fire Magic
 + Level 0.9 Ice Magic
 + Level 0.9 Air Magic
 + Level 0.9 Earth Magic
 + Level 0.9 Poison Magic
 + Level 1.2 Invocations
 + Level 1.1 Evocations


You had 5 spell levels left.
You knew the following spells:

 Your Spells              Type           Power        Failure   Level  Hunger
a - Pain                  Necr           ####         1%          1    None
d - Vampiric Draining     Necr           #####.....   1%          3    ##.....
n - Animate Skeleton      Necr           N/A          1%          1    None
r - Regeneration          Chrm/Necr      ####......   1%          3    ##.....


Dungeon Overview and Level Annotations

Branches:
Dungeon (4/15)
 Temple: D:4-7

Altars:
Qazlal


Innate Abilities, Weirdness & Mutations

Your experience applies equally to all skills.
You have very sharp teeth.
Your uncanny sense of smell can sniff out nearby items.


Message History

You miscast Regeneration.
You are very lightly contaminated with residual magic.
Waves of light ripple over your body.
You see here a leather armour.
An ooze comes into view.
A goblin comes into view. It is wielding a dagger.
A frilled lizard comes into view.
The goblin shouts!
The ooze quivers.
You see here 6 gold pieces.
Unknown command.
You hit the goblin but do no damage. The goblin barely misses you.
You hit the goblin.
The goblin is moderately wounded.
The goblin barely misses you.
You hit the goblin.
The goblin is severely wounded.
The goblin hits you but does no damage.
You barely miss the goblin.
The goblin is severely wounded.
The goblin hits you but does no damage.
You closely miss the goblin.
The goblin is severely wounded.
The goblin completely misses you.
You hit the goblin.
You kill the goblin!
The ooze misses you.
You now have 28 gold pieces (gained 6).
The ooze completely misses you.
A rat comes into view.
The ooze barely misses you.
You see here a dagger.
You see here a giant cockroach corpse.
There is a stone staircase leading down here.
The ooze barely misses you.
You climb downwards.
A worker ant comes into view.
Found 7 gold pieces.
There is a stone staircase leading up here.
The ooze hits you.
The worker ant twitches its antennae in your direction.
Found a stone staircase leading down.
You aren't carrying any items that you can evoke.
Unknown command.
It was a potion of degeneration.
There was something very wrong with that liquid.
You feel weakened.
You feel dopey.
You feel clumsy. The ooze closely misses you.
The worker ant closely misses you.
Your magical contamination has completely faded away.
It was a potion of haste.
You feel yourself speed up. The worker ant bites you.
* * * LOW HITPOINT WARNING * * *
The ooze hits you.
* * * LOW HITPOINT WARNING * * *
The ooze barely misses you.
An adder skeleton comes into view.
The ooze misses you.
Found a stone staircase leading up.
It was a potion of brilliance.
You feel clever all of a sudden.
Casting: Regeneration
Confirm with . or Enter, or press ? or * to list all spells.
Aiming: Vampiric Draining
Press: ? - help, Shift-Dir - straight line, f - worker ant
Aim: a worker ant The worker ant is heavily wounded.
You feel life coursing into your body.
You hit the worker ant but do no damage.
The worker ant is heavily wounded.
The worker ant barely misses you.
Casting: Vampiric Draining
Confirm with . or Enter, or press ? or * to list all spells.
Aiming: Pain
Press: ? - help, Shift-Dir - straight line, f/p - worker ant
Aim: a worker ant (heavily wounded, chance to defeat MR: 89%)
The worker ant writhes in agony!
The worker ant bites you.
* * * LOW HITPOINT WARNING * * *
It was a potion of resistance.
You feel protected. The worker ant barely misses you.
You hit the worker ant.
The worker ant is almost dead.
The worker ant bites you.
* * * LOW HITPOINT WARNING * * *
You closely miss the worker ant.
The worker ant is almost dead.
The worker ant bites you.
* * * LOW HITPOINT WARNING * * *
You hit the worker ant.
The worker ant is almost dead.
You barely miss the worker ant.
The worker ant is almost dead.
The worker ant closely misses you.
You hit the worker ant but do no damage.
Your bite misses the worker ant.
The worker ant is almost dead.
The worker ant bites you.
* * * LOW HITPOINT WARNING * * *
You hit the worker ant but do no damage.
The worker ant is almost dead.
The worker ant bites you!
You die...

#.... #...#.###
.... #.......
#..Z#.#.#.###.
###...#<........
...............>
###.$.#.........
#...#J########
#.. #a# ∆ ....
#@# .### #.# #.#
#.# #.# #.# ...
...


You could see a worker ant and an ooze.

Vanquished Creatures
  Natasha (D:2)
  An adder (D:2)
  2 worms (D:2)
  2 dart slugs
  2 leopard geckos
  An orc (D:3)
  A ball python (D:3)
  A giant cockroach (D:3)
  4 goblins
  3 hobgoblins
  5 kobolds
  A quokka (D:2)
  3 bats
  2 frilled lizards
  2 rats (D:1)
31 creatures vanquished.

Vanquished Creatures (collateral kills)
  An adder (D:2)
  An ooze (D:2)
  A rat (D:2)
3 creatures vanquished.

Grand Total: 34 creatures vanquished

Notes
Turn   | Place    | Note
-------+----------+-------------------------------------------
     0 | D:1      | tidbits the Gnoll Necromancer began the quest for the Orb.
     0 | D:1      | Reached XP level 1. HP: 13/13 MP: 6/6
    47 | D:1      | Reached XP level 2. HP: 15/19 MP: 5/7
    61 | D:1      | Learned a level 1 spell: Animate Skeleton
   108 | D:2      | Reached XP level 3. HP: 12/25 MP: 1/9
   113 | D:2      | Learned a level 3 spell: Regeneration
   117 | D:2      | Learned a level 3 spell: Vampiric Draining
   119 | D:2      | Found a stormy altar of Qazlal.
   167 | D:2      | Reached skill level 5 in Spellcasting
   203 | D:2      | Reached skill level 1 in Invocations
   287 | D:2      | Reached skill level 1 in Fighting
   287 | D:2      | Reached skill level 1 in Short Blades
   287 | D:2      | Reached skill level 1 in Long Blades
   287 | D:2      | Reached skill level 1 in Axes
   287 | D:2      | Reached skill level 1 in Maces & Flails
   287 | D:2      | Reached skill level 1 in Polearms
   287 | D:2      | Reached skill level 1 in Staves
   287 | D:2      | Reached skill level 1 in Slings
   287 | D:2      | Reached skill level 1 in Bows
   287 | D:2      | Reached skill level 1 in Crossbows
   287 | D:2      | Reached skill level 1 in Throwing
   287 | D:2      | Reached skill level 1 in Armour
   287 | D:2      | Reached skill level 1 in Shields
   287 | D:2      | Reached skill level 1 in Unarmed Combat
   287 | D:2      | Reached skill level 1 in Evocations
   303 | D:2      | Noticed Natasha
   308 | D:2      | Killed Natasha
   308 | D:2      | Reached XP level 4. HP: 15/32 MP: 1/11
   423 | D:4      | HP: 3/32 [worker ant (4)]
   424 | D:4      | Slain by a worker ant

Skill      XL: |  1  2  3 |
---------------+----------+-----
Spellcasting   | 5 |  5.1
Invocations    | 1 |  1.2
Fighting       | 1 |  1.1
Short Blades   | 1 |  1.1
Long Blades    | 1 |  1.1
Axes           | 1 |  1.1
Maces & Flails | 1 |  1.1
Polearms       | 1 |  1.1
Staves         | 1 |  1.1
Slings         | 1 |  1.1
Bows           | 1 |  1.1
Crossbows      | 1 |  1.1
Throwing       | 1 |  1.1
Armour         | 1 |  1.1
Shields        | 1 |  1.1
Unarmed Combat | 1 |  1.1
Evocations     | 1 |  1.1
Dodging        | |  4.6
Stealth        | |  4.2
Conjurations   | |  0.9
Hexes          | |  0.9
Charms         | |  0.9
Summonings     | |  0.9
Necromancy     | |  7.1
Translocations | |  0.9
Transmutations | |  0.9
Fire Magic     | |  0.9
Ice Magic      | |  0.9
Air Magic      | |  0.9
Earth Magic    | |  0.9
Poison Magic   | |  0.9

Action                   |  1- 3 |  4- 6 || total
-------------------------+-------+-------++-------
Melee: Short sword       |    20 |    31 ||    51
       Bite              |     1 |     3 ||     4
       Punch             |     1 |       ||     1
Throw: Javelin           |     1 |       ||     1
 Cast: Pain              |    27 |     6 ||    33
       Animate Skeleton  |     1 |       ||     1
       Vampiric Draining |     1 |     1 ||     2
       Regeneration      |     1 |     1 ||     2
  Use: Potion            |       |     5 ||     5
       Scroll            |       |     1 ||     1
 Stab: Sleeping          |     5 |       ||     5
Armor: Robe              |       |     3 ||     3
Dodge: Dodged            |    18 |    38 ||    56

Table legend:
 A = Turns spent in this place as a percentage of turns spent in the entire game.
 B = Non-inter-level travel turns spent in this place as a percentage of non-inter-level travel turns spent in the entire game.
 C = Inter-level travel turns spent in this place as a percentage of turns spent in this place.
 D = Turns resting spent in this place as a percentage of non-inter-level travel turns spent in this place.
 E = Turns spent auto-exploring this place as a percentage of non-inter-level travel turns spent in this place.
 F = Non-inter-level travel turns spent in this place divided by the number of levels of this place that you've seen.
                   A       B       C       D       E      F
               +-------+-------+-------+-------+-------+----------------------
         Total | 100.0 | 100.0 |   0.0 |   0.0 |   0.0 | 106.0
       Dungeon | 100.0 | 100.0 |   0.0 |   0.0 |   0.0 | 106.0
               +-------+-------+-------+-------+-------+----------------------

Table legend:
 A = Kills in this place as a percentage of kills in entire the game.
 B = Kills by you in this place as a percentage of kills by you in the entire game.
 C = Kills by friends in this place as a percentage of kills by friends in the entire game.
 D = Other kills in this place as a percentage of other kills in the entire game.
 E = Experience gained in this place as a percentage of experience gained in the entire game.
 F = Experience gained in this place divided by the number of levels of this place that you have seen.
                   A       B       C       D       E      F
               +-------+-------+-------+-------+-------+----------------------
         Total | 100.0 | 100.0 | 100.0 |   N/A | 100.0 |  33.0
       Dungeon | 100.0 | 100.0 | 100.0 |   N/A | 100.0 |  33.0
               +-------+-------+-------+-------+-------+----------------------

Vault maps used:
D:1:      grunt_arrival_lava_bath
D:2:      grunt_qazlal_clouds, first_ration, uniq_natasha
D:4:      amethyst_overflow_temple_binary
